 Dungeon Crawl Stone Soup version 0.25-a0-591-g2ad0d861f1 (webtiles) character file.

Game seed: 2773893830050677848, levelgen mode: deterministic

95 n0claF the Shooter (level 4, -1/37 HPs)
             Began as a Centaur Hunter on Mar 13, 2020.
             Slain by an adder (3 damage)
             ... on level 1 of the Dungeon.
             The game lasted 00:04:23 (1858 turns).

n0claF the Shooter (Centaur Hunter)                 Turns: 1858, Time: 00:04:23

Health: -1/37      AC:  4    Str: 16    XL:     4   Next: 40%
Magic:  4/4        EV:  9    Int: 10    God:
Gold:   163        SH:  0    Dex:  9    Spells: 3/3 levels left

rFire    . . .     SeeInvis .   b - +0 short sword
rCold    . . .     Gourm    .   (no shield)
rNeg     . . .     Faith    .   c - +0 leather armour
rPois    .         Spirit   .   (no helmet)
rElec    .         Reflect  .   (no cloak)
rCorr    .         Harm     .   (no gloves)
MR       .....                  (no barding)
Stlth    +.........             (no amulet)
HPRegen  0.12/turn              (no ring)
MPRegen  0.09/turn              (no ring)

@: lethally poisoned (-1 -> -18), very quick
A: large, hooves 3, deformed body, speed 2, tough skin 3
a: no special abilities


You were on level 1 of the Dungeon.
You were not hungry.

You visited 1 branch of the dungeon, and saw 2 of its levels.

You collected 163 gold pieces.

Inventory:

Hand Weapons
 a - a +1 shortbow
 b - a +0 short sword (weapon)
Missiles
 d - 19 arrows
Armour
 c - a +0 leather armour (worn)
 l - a scarf of repulsion
   (You found it on level 1 of the Dungeon)
Scrolls
 f - 2 scrolls of teleportation {unknown}
 h - a scroll of fear {unknown}
 j - a scroll of blinking {unknown}
 k - a scroll of enchant weapon {unknown}
 n - a scroll of amnesia {unknown}
Potions
 g - 2 potions of brilliance {unknown}
 i - a potion of flight {unknown}
 m - 2 potions of haste {unknown}
 o - a potion of mutation {unknown}
 p - a potion of resistance {unknown}
Comestibles
 e - 3 rations {!d}


   Skills:
 + Level 2.9 Fighting
 * Level 6.7 Bows
 + Level 2.1 Dodging
 - Level 0.4 Stealth


You had 3 spell levels left.
You didn't know any spells.
Your spell library was empty.

Dungeon Overview and Level Annotations

Branches:
Dungeon (2/15)

Altars:

Annotations:
D:2 Natasha


Innate Abilities, Weirdness & Mutations

You have hooves in place of feet.
Armour fits poorly on your strangely shaped body.
You cover ground very quickly.
You have extremely tough skin. (AC +3)


Message History

You feel sick.
You feel sick.
There is a stone staircase leading up, spattered with blood here.
You climb upwards.
There is a stone staircase leading down, spattered with blood here.
You start resting.
You feel sick.
You are no longer poisoned.
You start resting.
You climb downwards.
Level annotation: Natasha
There is a stone staircase leading up, spattered with blood here.
You completely miss the adder. The adder bites you.
You are poisoned.
The adder poisons you! The adder completely misses you.
You barely miss the adder.
You feel sick. The adder barely misses you.
You barely miss the adder.
You feel sick. The adder barely misses you.
The adder bites you but does no damage.
You barely miss the adder. The adder bites you.
You miss the adder.
You feel sick. The adder bites you.
You are more poisoned.
The adder poisons you!
You miss the adder. Your kick misses the adder.
You feel sick. The adder bites you. The hobgoblin hits you.
The adder closely misses you. The hobgoblin closely misses you.
You miss the adder. Your kick misses the adder.
The adder bites you but does no damage. The hobgoblin barely misses you.
You barely miss the adder. You kick the adder.
You feel sick. The adder barely misses you. The hobgoblin hits you.
* * * LOW HITPOINT WARNING * * *
The adder bites you.
* * * LOW HITPOINT WARNING * * *
You feel sick. The adder closely misses you.
The hobgoblin completely misses you.
You climb upwards.
You feel sick.
There is a stone staircase leading down, spattered with blood here.
You closely miss the hobgoblin. The adder bites you.
* * * LOW HITPOINT WARNING * * *
You are lethally poisoned!
The adder poisons you!
The hobgoblin hits you but does no damage.
You closely miss the hobgoblin.
* * * LOW HITPOINT WARNING * * *
You feel sick. The adder bites you.
* * * LOW HITPOINT WARNING * * *
You are more poisoned.
The adder poisons you! The hobgoblin hits you.
* * * LOW HITPOINT WARNING * * *
The adder bites you.
You die...

.....##..........#.## #.##
.................#..# #.# #
.................##.# ##.######
..............##.##.# #...#....
.....##..####....##.#####........
......#.....###...............###
.......#.##.####.#..........#####
.........##....g......###....)...
.........#...###@###### ##....>..
...........#..#.S# ####....
........#####.#.## #....
........# #.#.# ##### .......##
#...# )....).## ##### ........#
........# ........#


You could see an adder and a hobgoblin.

Vanquished Creatures
  Natasha (D:2)
  2 adders (D:2)
  A worm (D:2)
  A leopard gecko (D:2)
  7 bats
  2 giant cockroaches
  9 goblins
  6 hobgoblins
  3 jackals
  7 kobolds
  A quokka (D:2)
  A frilled lizard (D:2)
  3 rats (D:1)
44 creatures vanquished.

Vanquished Creatures (others)
  4 toadstools (D:1)
4 creatures vanquished.

Grand Total: 48 creatures vanquished

Notes
Turn   | Place    | Note
-------+----------+-------------------------------------------
     0 | D:1      | n0claF the Centaur Hunter began the quest for the Orb.
     0 | D:1      | Reached XP level 1. HP: 17/17 MP: 1/1
   134 | D:1      | Reached XP level 2. HP: 24/24 MP: 2/2
   479 | D:2      | Reached skill level 6 in Bows
   488 | D:2      | Reached XP level 3. HP: 30/30 MP: 3/3
   496 | D:2      | Noticed Natasha
   500 | D:2      | Killed Natasha
   524 | D:1      | Reached XP level 4. HP: 9/37 MP: 4/4
  1042 | D:2      | Noticed Natasha
  1858 | D:1      | Slain by an adder

Levels and vault maps discovered:
D:1:      evilmike_arrival_crescent, layout_rooms, minmay_gold_behind_fungi
D:2:      layout_loops_ring, uniq_natasha

Skill      XL: |  1  2  3 |
---------------+----------+-----
Bows           | 6 |  6.7
Dodging        | 2 |  2.1
Fighting       | |  2.9
Stealth        | |  0.4

Action                   |  1- 3 |  4- 6 || total
-------------------------+-------+-------++-------
Melee: Short sword       |     4 |    79 ||    83
       Kick              |     1 |    10 ||    11
 Fire: Shortbow          |    82 |       ||    82
  Eat: Chunk             |       |     2 ||     2
Armor: Leather armour    |    24 |    34 ||    58
Dodge: Dodged            |    30 |    58 ||    88

Table legend:
 A = Non-vault XP
 B = Vault XP
 C = Vault XP percentage of total XP
 D = Non-vault monster count
 E = Vault monster count
 F = Vault count percentage of total count
                 A         B        C        D         E       F
            +---------+---------+-------+---------+---------+-------
      Total |     102 |      35 |  25.5 |      43 |       1 |   2.3
            +---------+---------+-------+---------+---------+-------
        D:1 |      40 |       0 |   0.0 |      23 |       0 |   0.0
        D:2 |      62 |      35 |  36.1 |      20 |       1 |   4.8
            +---------+---------+-------+---------+---------+-------
